 Dungeon Crawl Stone Soup version 0.29-a0-512-gf59ac788ac (webtiles) character file.

Game seed: 12475487932988589707

894 ptdevnull the Grappler (level 8, 70/70 HPs)
             Began as a Ghoul Monk on May 30, 2022.
             Was an Initiate of Gozag.
             Quit the game on level 5 of the Dungeon.
             The game lasted 00:10:17 (5799 turns).

ptdevnull the Grappler (Ghoul Monk)                 Turns: 5799, Time: 00:10:18

Health: 70/70      AC:  4    Str: 16 (17) XL:     8   Next: 6%
Magic:  7/7        EV: 12    Int:  4 (5)  God:    Gozag
Gold:   686        SH:  0    Dex:  9 (11) Spells: 7/7 levels left

rFire   + . .      SeeInvis .     - Unarmed
rCold   + . .      Faith    .   (no shield)
rNeg    + + +      Spirit   .   p - +0 leather armour {rF+}
rPois   ∞          Reflect  .   (no helmet)
rElec   .          Harm     .   (no cloak)
rCorr   .          Rampage  .   (no gloves)
Will    .....                   i - +0 pair of boots
Stlth   +.........              (no amulet)
HPRegen 0.21/turn               j - ring of wizardry
MPRegen 0.10/turn               (no ring)

@: no status effects
A: claws 1, cold resistance 1, negative energy resistance 3, inhibited
regeneration, torment resistance 2, devour on kill
a: Renounce Religion, Potion Petition, Call Merchant, Bribe Branch


You were on level 5 of the Dungeon.
You worshipped Gozag.
Gozag was pleased with you.
You visited 1 branch of the dungeon, and saw 6 of its levels.

You collected 686 gold pieces.

Inventory:

Hand Weapons
 f - a +2 dagger of venom
 t - the +7 rapier of Tekkyosh {antimagic, +Blink rN+ rCorr}
   (You found it on level 4 of the Dungeon)

   It reduces the magical energy of the wielder, and disrupts the spells and
   magical abilities of those it strikes.
   Natural abilities and divine invocations are not affected.
   rN:        It protects you from negative energy.
   +Blink:    It lets you blink.
   rCorr:     It protects you from acid and corrosion.
Missiles
 d - 31 poisoned darts (quivered)
Armour
 a - a +0 robe
 i - a +0 pair of boots (worn)
 p - a +0 leather armour of fire resistance (worn)
Jewellery
 j - a ring of wizardry (left claw)
Wands
 n - a wand of iceblast (8)
Scrolls
 c - a scroll of immolation {unknown}
 h - 2 scrolls of teleportation {unknown}
 k - a scroll of enchant armour {unknown}
 l - 3 scrolls of identify {unknown}
 o - 2 scrolls of fog {unknown}
 q - a scroll of poison {unknown}
Potions
 b - a potion of ambrosia
 e - a potion of degeneration
 g - 2 potions of heal wounds
 m - 2 potions of cancellation {unknown}
 r - a potion of lignification {unknown}
 s - 2 potions of berserk rage {unknown}


   Skills:
 - Level 6.0 Fighting
 + Level 2.8 Dodging
 - Level 2.1 Stealth
 - Level 9.0 Unarmed Combat


You had 7 spell levels left.
You didn't know any spells.
Your spell library contained the following spells:

 Spells                   Type           Power      Damage    Failure   Level
 Sting                    Tmut/Pois      0%         1d3       26%         1
 Poisonous Vapours        Pois/Air       0%         N/A       38%         2
 Static Discharge         Conj/Air       0%         N/A       38%         2
 Frozen Ramparts          Ice            0%         1d2       61%         3
 Inner Flame              Hex/Fire       0%         N/A       61%         3
 Cause Fear               Hex            0%         N/A       93%         4
 Dispel Undead            Necr           0%         3d6       93%         4
 Olgreb's Toxic Radiance  Pois           0%         N/A       93%         4
 Sticky Flame             Conj/Fire      0%         2d3       93%         4
 Summon Ice Beast         Ice/Summ       0%         N/A       93%         4
 Discord                  Hex            0%         N/A       100%        8
 Ice Form                 Ice/Tmut       Unusable   N/A       N/A         4

Dungeon Overview and Level Annotations

Branches:
Dungeon (6/15)             Temple (0/1) D:4

Altars:
Dithmenos
Gozag

Shops:
D:3 !   D:5 =[!


Innate Abilities, Weirdness & Mutations

You are immune to poison.
You have sharp fingernails.
Your flesh is cold resistant. (rC+)
You are immune to negative energy. (rN+++)
You do not regenerate when monsters are visible.
You are immune to unholy pain and torment.
You thrive by killing the living.


Message History

The kobold brigand is almost dead.
The kobold brigand hits you with a +1 dagger of electrocution!
The kobold hits you but does no damage. The kobold barely misses you.
You barely miss the kobold brigand.
The kobold brigand is almost dead.
The kobold brigand hits you with a +1 dagger of electrocution.
The kobold hits you with a +0 dagger. The kobold hits you with a +0 whip.
You are too injured to fight recklessly!
You are too injured to fight recklessly!
You claw the kobold brigand!
You kill the kobold brigand!
The kobold hits you but does no damage. The kobold hits you with a +0 whip.
You feel your dexterity returning.
Training target 9.0 for Unarmed Combat reached!
Your Unarmed Combat skill increases to level 9!
You need to enable at least one skill for training.
You have reached level 8!
You are too injured to fight recklessly!
You are too injured to fight recklessly!
You are too injured to fight recklessly!
You claw the kobold!
You kill the kobold!
The kobold barely misses you.
You claw the kobold!
You kill the kobold!
You feel better.
You now have 671 gold pieces (gained 9).
d - 24 poisoned darts (gained 8)
You see here a +0 dagger.
You now have 678 gold pieces (gained 7).
Things that are here:
a +0 whip; 5 stones
There is a stone staircase leading down here.
You now have 686 gold pieces (gained 8).
d - 31 poisoned darts (gained 7)
You see here a +1 dagger of electrocution.
You start resting.
HP restored.
There is a stone staircase leading down here.
Are you sure you want to abandon this character and quit the game? (Confirm with "yes".)

#.....P...#..###....###....###..#
#....♣♣♣..#..###....###....###..#
#....♣♣...#..####...###...####..#
.....≈♣P.....#################...
#.....♣.....##.............####..
#..........##.................##.
#..............>...........##....
##.............).).........######
##..[..##.>....@.........##
#.######.<##..)..#.....## ###.#
##)..###############
.##.###.[#############
........###..........#
.....................#
###......#...........#
######.............#
####..........#


There were no monsters in sight!

Vanquished Creatures
  Edmund (D:5)
  2 black bears (D:5)
  An ogre (D:4)
  A kobold brigand (D:5)
  A necrophage (D:4)
  A scorpion (D:4)
  3 hounds
  2 jellies (D:4)
  An iguana (D:3)
  5 adders
  An ufetubus (D:5)
  6 worms
  2 dart slugs
  3 orcs (D:5)
  6 ball pythons
  6 endoplasms
  3 giant cockroaches
  6 goblins
  3 hobgoblins
  10 jackals
  3 quokkas
  3 bats
  2 frilled lizards
  9 kobolds
  4 rats
85 creatures vanquished.

Notes
Turn   | Place    | Note
-------+----------+-------------------------------------------
     0 | D:1      | ptdevnull the Ghoul Monk began the quest for the Orb.
     0 | D:1      | Reached XP level 1. HP: 19/19 MP: 0/0
    82 | D:1      | Reached XP level 2. HP: 10/26 MP: 1/1
   683 | D:1      | Reached skill level 4 in Unarmed Combat
   793 | D:1      | Found a faded altar of an unknown god.
   797 | D:1      | Got Plato's Catalogue of Transmutation
   798 | D:1      | Prayed at the altar of an unknown god.
   798 | D:1      | Became a worshipper of Gozag Ym Sagoz the Greedy
   904 | D:2      | Reached XP level 3. HP: 29/33 MP: 2/2
  2146 | D:3      | Reached skill level 5 in Unarmed Combat
  2146 | D:3      | Reached XP level 4. HP: 35/40 MP: 3/3
  2243 | D:3      | Reached XP level 5. HP: 4/47 MP: 4/4
  2612 | D:3      | You fall into a shaft and drop 3 floors!
  2616 | D:5      | Entered Level 5 of the Dungeon
  2630 | D:4      | Reached skill level 6 in Unarmed Combat
  2908 | D:5      | Reached XP level 6. HP: 44/55 MP: 5/5
  3106 | D:5      | Noticed a black bear
  3113 | D:5      | Noticed a black bear
  3121 | D:5      | Killed a black bear
  3122 | D:5      | Reached skill level 5 in Fighting
  3248 | D:5      | Killed a black bear
  3249 | D:5      | Reached skill level 7 in Unarmed Combat
  3393 | D:5      | Found Ivegifim's Jewellery Boutique.
  3405 | D:5      | Reached XP level 7. HP: 58/61 MP: 6/6
  3524 | D:5      | Noticed Edmund
  3714 | D:3      | Found Zyj Xuarph's Distillery.
  4174 | D:3      | Found a shadowy altar of Dithmenos.
  4447 | D:4      | Found a staircase to the Ecumenical Temple.
  4638 | D:4      | Reached skill level 8 in Unarmed Combat
  4922 | D:4      | Identified the +7 rapier of Tekkyosh {antimagic, +Blink rN+
                  | rCorr}
  5100 | D:5      | Found Uron's Antique Armour Boutique.
  5104 | D:5      | Found Akajaz's Distillery.
  5293 | D:5      | Killed Edmund
  5614 | D:6      | Noticed a kobold demonologist
  5632 | D:5      | Reached skill level 9 in Unarmed Combat
  5632 | D:5      | Reached XP level 8. HP: 31/70 MP: 7/7
  5799 | D:5      | Quit the game

Illustrated notes

Levels and vault maps discovered:
D:1:      minmay_arrival_four_circles, layout_basic,
          shapermc_ecumenical_altar_rom_forum, minmay_pentomino_z4
D:2:      layout_basic, nicolae_wormholes
D:3:      layout_loops_ring, grunt_dithmenos_smoke, serial_shops,
          nicolae_diamond_shop
D:4:      layout_basic, temple_pool_b
D:5:      layout_rooms, serial_bayou, serial_bayou_pond_d, serial_bayou_pond_d,
          serial_bayou_pond_a, serial_bayou_pond_c, serial_shops, shop,
          nicolae_wooded_promenade, chequers_serial_rivers_micro_a,
          hangedman_glass_teeth, uniq_edmund
D:6:      layout_cave_pods, mainiacjoe_overflow_six_doors_small,
          nicolae_shop_sticking_my_neck_out

Skill      XL: |  1  2  3  4  5  6  7 |
---------------+----------------------+-----
Unarmed Combat | 4 5 6 7 9 |  9.0
Fighting       | 4 5 6 |  6.0
Dodging        | |  2.8
Stealth        | |  2.1

Action                   |  1- 3 |  4- 6 |  7- 9 || total
-------------------------+-------+-------+-------++-------
Melee: Unarmed           |    94 |    91 |   132 ||   317
       Punch             |       |     4 |     3 ||     7
  Use: Potion            |       |       |     2 ||     2
 Stab: Sleeping          |     1 |       |       ||     1
Armor: Robe              |    14 |    19 |       ||    33
       Leather armour    |       |       |    38 ||    38
Dodge: Dodged            |    39 |    60 |    85 ||   184

Table legend: (Time is in decaauts)
 A = Elapsed time spent in this place.
 B = Non-inter-level travel time spent in this place.
 C = Inter-level travel time spent in this place.
 D = Time resting spent in this place.
 E = Time spent auto-exploring this place.
 F = Levels seen in this place.
 G = Mean time per level.
                   A        B        C        D        E       F      G
               +--------+--------+--------+--------+--------+-----+--------+
         Total |   5776 |   5496 |    280 |   1945 |   2738 |   6 |  962.7 |
       Dungeon |   5776 |   5496 |    280 |   1945 |   2738 |   6 |  962.7 |
               +--------+--------+--------+--------+--------+-----+--------+

Top non-repeatable levels by time:
     D:5: 1343 daAuts
     D:4: 1269 daAuts
     D:2: 1228 daAuts
     D:3: 1045 daAuts
     D:1: 873 daAuts
     D:6: 15 daAuts
